 Dungeon Crawl Stone Soup version 0.21-a0-634-gaf8bc5d (webtiles) character file.

164 Charly the Skirmisher (level 5, -2/30 HPs)
             Began as a Vine Stalker Wanderer on Dec 30, 2017.
             Killed by divine providence
             ... invoked by an orc priest
              (12 damage)
             ... on level 3 of the Dungeon.
             The game lasted 00:06:26 (2013 turns).

Charly the Skirmisher (Vine Stalker Wanderer)       Turns: 2013, Time: 00:06:27

Health: -2/30      AC:  5    Str: 14    XL:     5   Next: 45%
Magic:  0/6        EV: 10    Int: 14    God:
Gold:   173        SH:  0    Dex: 13    Spells: 4/4 levels left

rFire    . . .     SeeInvis .   c - +0 hand axe
rCold    . . .     Gourm    .   (no shield)
rNeg     . . .     Faith    +   b - +0 ring mail
rPois    .         Spirit   +   (no helmet)
rElec    .         Reflect  .   (no cloak)
rCorr    .         Harm     .   (no gloves)
MR       .....                  (no boots)
Stlth    +.........             h - amulet of faith (curse)
HPRegen  0.50/turn              (no ring)
MPRegen  0.10/turn              (no ring)

@: no status effects
A: fangs 2, regeneration 1, magic shield, antimagic bite, no potion heal 3, rot
immunity
a: no special abilities


You were on level 3 of the Dungeon.
You were not hungry.

You visited 1 branch of the dungeon, and saw 3 of its levels.

You collected 173 gold pieces.

Inventory:

Hand Weapons
 c - a +0 hand axe (weapon)
Armour
 b - a +0 ring mail (worn)
Jewellery
 h - a cursed amulet of faith (around neck)
Wands
 a - a wand of flame (8)
Scrolls
 g - a scroll of blinking {unknown}
 i - 3 scrolls of identify
 j - a scroll of immolation {unknown}
 l - a scroll of amnesia {unknown}
Potions
 e - a potion of brilliance
Books
 f - a book of Necromancy

   Spells                             Type                      Level
   a - Pain                           Necromancy                   1
   b - Animate Skeleton               Necromancy                   1
   c - Vampiric Draining              Necromancy                   3
   d - Regeneration                   Charms/Necromancy            3
   e - Animate Dead                   Necromancy                   4
   f - Borgnjor's Vile Clutch         Necromancy/Earth             5
Comestibles
 d - 3 rations


   Skills:
 + Level 4.5 Fighting
   Level 1.7 Long Blades
 - Level 2.6 Axes
 - Level 1.5 Armour
 - Level 1.0 Dodging
 - Level 1.2 Stealth
 - Level 1.0 Evocations


You had 4 spell levels left.
You didn't know any spells.

Dungeon Overview and Level Annotations

Branches:
Dungeon (3/15)

Altars:
Ru


Innate Abilities, Weirdness & Mutations

You have extremely sharp teeth.
Your natural rate of healing is unusually fast.
When hurt, damage is shared between your health and your magic reserves.
Your bite disrupts and absorbs the magic of your enemies.
Potions cannot restore your health.
You are immune to rotting.


Message History

You hit the orc priest but do no damage.
The orc priest is lightly wounded.
You closely miss the orc.
The orc priest hits you but does no damage.
The orc barely misses you.
You hit the orc priest but do no damage.
The orc priest is lightly wounded.
You closely miss the orc. The orc priest misses you.
The orc hits you with a flail of crushing!
The orc priest hits you but does no damage.
You hit the orc priest.
You bite the orc priest, but do no damage.
The orc priest is heavily wounded.
You hit the orc but do no damage.
The orc hits you with a flail of crushing.
* * * LOW HITPOINT WARNING * * *
The orc priest closely misses you.
The orc priest invokes the aid of Beogh against you.
Beogh smites you!
You die...

..........# .
............# .
##...........# .
.............# .####
.............# ... .
...........))#######.# #
.......#.............# #
......o####..........# #
......o.@.!..........# #
!....................####
#######.................#
#..............##.#
#..............##'#
#...(..............
##..................
#...........##......
#............#......


You could see an orc priest and an orc.

Vanquished Creatures
  An orc priest (D:3)
  A killer bee zombie (D:3)
  4 adders (D:3)
  An ooze (D:3)
  2 worms
  A dart slug (D:1)
  2 leopard geckos (D:1)
  5 orcs (D:3)
  A ball python (D:1)
  3 giant cockroaches
  8 goblins
  7 hobgoblins
  10 kobolds
  A quokka (D:3)
  3 bats
  4 frilled lizards (D:2)
  10 rats
64 creatures vanquished.

Notes
Turn   | Place    | Note
-------+----------+-------------------------------------------
     0 | D:1      | Charly the Vine Stalker Wanderer began the quest for the Orb.
     0 | D:1      | Charly set off with: a wand of flame (15), a +0 ring mail, a +0 hand axe, a ration
     0 | D:1      | Reached XP level 1. HP: 9/9 MP: 2/2
   109 | D:1      | Reached skill level 1 in Fighting
   273 | D:1      | Reached XP level 2. HP: 13/14 MP: 3/3
   391 | D:1      | Reached skill level 2 in Fighting
   623 | D:1      | Reached XP level 3. HP: 17/18 MP: 4/4
  1340 | D:2      | Found a sacrificial altar of Ru.
  1715 | D:3      | Reached skill level 3 in Fighting
  1716 | D:3      | Gained mutation: Your natural rate of healing is unusually fast. [Vine Stalker growth]
  1716 | D:3      | Reached XP level 4. HP: 9/24 MP: 1/5
  1873 | D:3      | Reached skill level 4 in Fighting
  1914 | D:3      | Reached XP level 5. HP: 29/29 MP: 4/6
  2013 | D:3      | Killed from afar by an orc priest

Vault maps used:
D:1:      dpeg_arrival_boxes_within_box, minmay_misc_feat_x,
          minmay_close_crescents
D:2:      hangedman_ru_absence

Skill      XL: |  1  2  3  4 |
---------------+-------------+-----
Fighting       | 1 2 3 4 |  4.5
Long Blades    | |  1.7
Axes           | |  2.6
Armour         | |  1.5
Dodging        | |  1.0
Stealth        | |  1.2
Evocations     | |  1.0

Action                   |  1- 3 |  4- 6 || total
-------------------------+-------+-------++-------
Melee: Hand axe          |   109 |    67 ||   176
       Bite              |    17 |    19 ||    36
Evoke: Wand              |       |     7 ||     7
  Use: Potion            |     6 |     1 ||     7
       Scroll            |     2 |     2 ||     4
  Eat: Ration            |     1 |       ||     1
Armor: Ring mail         |    41 |    32 ||    73
Dodge: Dodged            |    64 |    67 ||   131

Table legend:
 A = Spawn XP
 B = Non-spawn XP
 C = Spawn XP percentage of total XP
 D = Spawn monster count
 E = Non-spawn monster count
 F = Spawn count percentage of total count
 G = Total turns spent on level
                    A         B        C        D         E        F      G
               +---------+---------+-------+---------+---------+-------+---------
         Total |       0 |     235 |   0.0 |       0 |      64 |   0.0 |  2013
               +---------+---------+-------+---------+---------+-------+---------
           D:1 |       0 |      40 |   0.0 |       0 |      22 |   0.0 |   932
           D:2 |       0 |      24 |   0.0 |       0 |      15 |   0.0 |   691
           D:3 |       0 |     171 |   0.0 |       0 |      27 |   0.0 |   390
               +---------+---------+-------+---------+---------+-------+---------
